 Dungeon Crawl Stone Soup version 0.32-a0-576-g706899e69d (webtiles) character file.

Game seed: 14059550909977741034

79452 backslashecho the Cleaver (level 15, -14/180 HPs)
             Began as a Coglin Berserker on Mar 2, 2024.
             Was a High Priest of Trog.
             Demolished by an orc knight
             ... wielding a +0 great sword
              (26 damage)
             ... on level 2 of the Orcish Mines.
             The game lasted 01:22:01 (26851 turns).

backslashecho the Cleaver (Coglin Berserker)       Turns: 26851, Time: 01:22:02

Health: -14/180    AC: 12    Str: 22    XL:     15   Next: 63%
Magic:  15/15      EV: 14    Int:  6    God:    Trog [*****.]
Gold:   91         SH:  0    Dex: 17    Spells: 14/14 levels left

rFire   + . .        X - +8 autumn katana {manifold assault}
rCold   + . .        R - +2 rapier (speed) {Cyneburga}
rNeg    . . .        e - +7 Kryia's mail coat {PotionHeal*2 rC+}
rPois   .            I - +2 hat
rElec   +            L - +0 cloak
rCorr   .            G - +0 pair of gloves
SInv    .            (no boots)
Will    +++..        (amulet unavailable) Stlth
                     (ring unavailable)
HPRegen 2.30/turn    (ring unavailable)
MPRegen 0.54/turn    a - megasprocket Mk.55 {rElec rF+ Regen+ RegenMP+}

%: no passive effects
@: berserking (expiring), strong-willed, corroded, regenerating, revved, very
quick
A: off-hand wielding, slow wielding, warmup strikes, no jewellery, horns 1,
camouflage 1, deformed body
a: Renounce Religion, Berserk, Trog's Hand, Brothers in Arms


You were on level 2 of the Orcish Mines.
You worshipped Trog.
Trog was extremely pleased with you.
You visited 4 branches of the dungeon, and saw 20 of its levels.
You also visited: Ice Cave and Volcano.

You collected 1922 gold pieces.
You spent 1831 gold pieces at shops.

Inventory:

Hand Weapons
 y - a +3 scimitar of flaming {Masataka}
 z - a +2 whip of holy wrath {Lucía}
 H - a +2 dagger of venom
 R - a +2 rapier of speed (offhand) {Cyneburga}
 U - a +5 demon blade of flaming {Fumito}
 V - a +2 demon whip of flaming
 X - the +8 autumn katana (weapon) {manifold assault}
   (You bought it in a shop on level 10 of the Dungeon)
Missiles
 t - 39 poisoned darts (quivered)
 K - 4 curare-tipped darts
Armour
 e - the +7 Kryia's mail coat (worn) {PotionHeal*2 rC+}
   (You took it off an orc on level 9 of the Dungeon)

   PotionHeal*2: Potions heal its wearer twice as much.
   rC+:       It protects you from cold.
 F - a +2 leather armour of fire resistance
 G - a +0 pair of gloves (worn)
 I - a +2 hat (worn)
 L - a +0 cloak (worn)
 N - +0 steam dragon scales
 W - a +2 chain mail of fire resistance
Gizmo
 a - a megasprocket Mk.55 (installed) {rElec rF+ Regen+ RegenMP+}
   (You invented it yourself on level 3 of the Lair of Beasts)

   [megasprocket Mk.55]

   rF+:       It protects you from fire.
   rElec:     It insulates you from electricity.
   Regen+:    It increases your rate of health regeneration.
   RegenMP+:  It increases your rate of magic regeneration.
Wands
 d - a wand of polymorph (6)
 x - a wand of iceblast (1)
 D - a wand of flame (55)
 J - a wand of charming (9)
 Q - a wand of light (13)
Scrolls
 c - a scroll of silence
 h - 4 scrolls of enchant weapon
 i - 3 scrolls of fear
 k - 3 scrolls of fog
 n - a scroll of enchant armour
 q - 3 scrolls of teleportation
 r - 3 scrolls of immolation
 s - 2 scrolls of poison
 u - 6 scrolls of blinking
 A - 3 scrolls of vulnerability
 S - a scroll of noise
 T - a scroll of butterflies
Potions
 b - 2 potions of might
 f - 2 potions of brilliance
 g - 7 potions of mutation
 j - 2 potions of heal wounds
 m - 2 potions of invisibility
 o - 2 potions of resistance
 p - 4 potions of ambrosia
 v - 2 potions of attraction
 w - 5 potions of curing
 B - a potion of enlightenment
 C - 3 potions of lignification
 E - a potion of haste {unknown}
 O - a potion of magic
Miscellaneous
 l - a phial of floods
 M - a lightning rod (4/4)
 P - a condenser vane (inert)


   Skills:
 - Level 12.0 Fighting
 * Level 11.4(13.8) Short Blades
 - Level 13.9(15.7) Long Blades
 - Level 13.9 Axes
 + Level 7.1 Armour
 + Level 7.1 Dodging


You had 14 spell levels left.
You didn't know any spells.
Your spell library was empty.

Dungeon Overview and Level Annotations

Branches:
Dungeon (12/15)            Temple (1/1) D:6            Lair (5/5) D:9
  Swamp (0/4) Lair:2        Snake (0/4) Lair:3        Slime (0/5) Lair:5
    Orc (2/2) D:12            Elf (0/3) Orc:2         IceCv (visited)
Volcano (visited)

Altars:
Ashenzari
Cheibriados
Dithmenos
Elyvilon
Fedhas
Gozag
Hepliaklqana
Kikubaaqudgha
Makhleb
Nemelex Xobeh
Okawaru
Qazlal
Ru
Sif Muna
Trog
Uskayaw
Vehumet
Wu Jian
Xom
Yredelemnul
Zin
The Shining One

Shops:
D:10 ?([*

Annotations:
D:12 1 runed translucent door
Lair:3 exclusion: lava snake
Lair:4 1 runed translucent door, exclusion: door
Lair:5 exclusion: 3 doors
Orc:1 1 runed translucent door, exclusion: door, Qutsim's ghost, journeyman DrFE


Innate Abilities, Weirdness & Mutations

You can wield a second weapon in your off-hand.
It takes a long time for you to wield or remove held weapons.
Your first few attacks do less damage.
You cannot equip rings or amulets.
You have a pair of small horns on your head.
Your skin changes colour to match your surroundings (Stealth+).
Armour fits poorly on your strangely shaped body.


Message History

Trog accepts your kill. Trog grants you a weapon!
Something appears at your feet!
You see here a +0 war axe.
Trog appreciates your killing of a magic user.
The orc high priest mumbles some strange prayers to Beogh.
The orc high priest prays to Beogh.
A red film seems to cover your vision as you go berserk!
You feel yourself moving faster!
You feel mighty! The rust devil hits you. The rust devil corrodes you!
The orc high priest prays to Beogh. x2; The smoke demon gestures at you.
Beogh smites you!
You now have 137/180 hp.
You hit the orc high priest with your +2 rapier of speed.
The orc high priest is lightly wounded.
You slash the orc high priest with the +8 autumn katana!
You puncture the orc high priest with your +2 rapier of speed!
Your headbutt misses the orc high priest.
The orc high priest is severely wounded.
You slice the orc high priest with the +8 autumn katana!!
You completely miss the orc high priest with your +2 rapier of speed.
The orc high priest is almost dead.
You barely miss the orc high priest with the +8 autumn katana.
The rust devil completely misses you.
The orc high priest hits you with a +0 dire flail!
Something hits you but does no damage.
The hellwing swoops through the air toward you!
The hellwing hits you! The hellwing hits you.
The orc high priest calls upon Beogh to heal the orc high priest.
The orc high priest's wounds heal themselves!
The ynoxinul closely misses you.
You take 29 damage, and have 110/180 hp.
You slice the orc high priest with the +8 autumn katana!!
You kill the orc high priest!
Trog accepts your kill.
The rust devil disappears in a puff of smoke!
The hellwing disappears in a puff of smoke!
The ynoxinul disappears in a puff of smoke!
An orc knight comes into view.
It is wielding a +3 war axe of freezing.
Found three wyvern skeletons.
The orc knight shouts!
The orc knight hits you with a +0 great sword.
Something hits you but does no damage.
The orc knight moves out of view.
Items here: )) [[ ††.
You take 4 damage, and have 106/180 hp.
Found a yak skeleton and three wyvern skeletons.
You feel a strong urge to attack something.
The orc high priest barely misses you. Something barely misses you.
The orc high priest hits you with a +0 war axe!
The orc knight attacks as it pursues you!
The orc knight hits you with a +0 great sword!
You take 26 damage, and have 80/180 hp.
You slice the orc high priest with the +8 autumn katana!!
The orc high priest is heavily wounded.
You closely miss the orc high priest with your +2 rapier of speed.
The smoke demon gestures at you. Beogh smites you!
The hellwing hits you but does no damage.
The hellwing completely misses you. The ice devil hits you!
The ice devil freezes you! You resist.
* * * LOW HITPOINT WARNING * * *
You take 28 damage, and have 52/180 hp.
You closely miss the orc high priest with your +2 rapier of speed.
You headbutt the orc high priest, but do no damage.
The orc high priest is heavily wounded.
You barely miss the orc high priest with the +8 autumn katana.
You slash the orc high priest with the +8 autumn katana!
The orc high priest is severely wounded.
You hit the orc high priest with your +2 rapier of speed.
You impale the orc high priest with your +2 rapier of speed!!
You kill the orc high priest!
Trog accepts your kill.
The smoke demon disappears in a puff of smoke!
The orc high priest hits you with a +0 dire flail!
* * * LOW HITPOINT WARNING * * *
The orc knight hits you with a +3 war axe of freezing!
* * * LOW HITPOINT WARNING * * *
The orc knight hits you with a +0 great sword!
* * * LOW HITPOINT WARNING * * *
Something hits you but does no damage. The ice devil hits you!
* * * LOW HITPOINT WARNING * * *
The ice devil freezes you. You resist.
* * * LOW HITPOINT WARNING * * *
The hellwing closely misses you. The hellwing misses you.
You take 44 damage, and have 10/180 hp.
MASSIVE DAMAGE!!
You barely miss the orc high priest with the +8 autumn katana.
The orc high priest is moderately wounded.
You puncture the orc high priest with your +2 rapier of speed!
You slice the orc high priest with the +8 autumn katana!!
The orc high priest is almost dead.
You hit the orc high priest with your +2 rapier of speed.
You kill the orc high priest!
Trog accepts your kill.
The hellwing disappears in a puff of smoke!
The ice devil disappears in a puff of smoke!
The sun demon disappears in a puff of smoke!
You closely miss the orc knight with the +8 autumn katana.
The orc knight is lightly wounded.
You barely miss the orc knight with your +2 rapier of speed.
The orc knight hits you with a +0 great sword!!
You die...

####...## ##.#.....# #.......##
##### ##........ ##...###
##.##.##... ##...)..##
#....##.#.. ### ##...[))..###
##......... ###.###....##{)o..#
#....##.#.. ##....##...####@§..#
#.....##...
#.....#)...##.o§§.§.###.........
##....)...##.÷÷§§§÷.÷##....##...
###......##.........#....##....
##......###÷..°....##.........
##.#....)#.#..÷.....#....#.....
###........#.#.÷..÷...#..........
#.##.#...)...##......##..........
....#..)[.<)..# #...........


You could see 2 orc knights.

Vanquished Creatures
  8 hydras
  Erolcha (Orc:2)
  2 centaur warriors
  A death knight (D:10)
  6 two-headed ogres
  5 orc high priests (Orc:2)
  10 death yaks
  2 hell knights (D:12)
  A skyshark (Lair:3)
  Sonja (D:11)
  An arcanist (D:10)
  2 deep elf archers (Volcano)
  3 orc knights (Orc:2)
  A necromancer (D:12)
  8 deep elf pyromancers (Volcano)
  An oklob plant (Lair:4)
  4 ugly things
  4 orc sorcerers (Orc:2)
  A wolf spider (D:10)
  A salamander (Lair:3)
  2 cyclopes
  3 ice statues (IceCv)
  9 elephants
  5 large abominations (D:10)
  3 kobold blastminers
  6 black mambas
  Maggie (Lair:2)
  A rust devil (D:12)
  2 torpor snails
  An unseen horror (D:10)
  8 cane toads
  An efreet (D:10)
  3 rime drakes
  An anaconda simulacrum (IceCv)
  11 komodo dragons
  7 trolls
  2 hornets
  15 blink frogs
  4 dream sheep (Lair:3)
  A slime creature (D:9)
  3 shadows
  Sigmund (D:6)
  A vampire (D:6)
  3 wyverns
  53 yaks
  3 wraiths
  A human (Lair:4)
  4 fire elementals (Volcano)
  14 vampire mosquitoes
  2 steam dragons
  A warg (Orc:1)
  2 basilisks
  Menkaure (D:6)
  A death yak simulacrum (IceCv)
  A hydra simulacrum (IceCv)
  3 acid dragons
  10 hell hounds
  22 water moccasins
  2 sky beasts (D:7)
  19 orc warriors
  An ice beast (D:8)
  2 black bears
  8 ogres
  9 wolves
  6 small abominations (D:10)
  4 centaurs
  A phantom (D:7)
  2 kobold brigands
  11 bullfrogs
  Blork the orc (D:6)
  2 gnoll sergeants
  A two-headed ogre simulacrum (D:11)
  2 scorpions
  5 wights (D:7)
  2 elephant simulacra (IceCv)
  10 killer bees
  A howler monkey (D:10)
  3 jellies
  14 orc priests
  2 bombardier beetles
  5 hounds
  2 iguanas
  A sleepcap (D:5)
  19 orc wizards
  A troll simulacrum (D:11)
  2 polar bear simulacra (IceCv)
  3 spriggan simulacra (D:11)
  A wolf simulacrum (IceCv)
  7 adders
  8 gnolls
  A shadow imp (D:7)
  A white imp (D:6)
  3 ufetubi
  A ribbon worm (D:2)
  5 dart slugs
  52 orcs
  7 ball pythons
  2 bats
  9 endoplasms
  2 giant cockroaches
  7 goblins
  10 hobgoblins
  6 quokkas
  2 frilled lizards
  18 kobolds
  8 rats
  A spectral goblin (D:1)
567 creatures vanquished.

Vanquished Creatures (others)
  A slime creature (D:10)
  A basilisk (D:10)
2 creatures vanquished.

Grand Total: 569 creatures vanquished

Notes
Turn   | Place    | Note
-------+----------+-------------------------------------------
     0 | D:1      | backslashecho the Coglin Berserker began the quest for the
                  | Orb.
     0 | D:1      | Reached XP level 1. HP: 18/18 MP: 1/1
    68 | D:1      | Reached XP level 2. HP: 23/24 MP: 2/2
   152 | D:1      | You fall into a shaft and drop 1 floor!
   213 | D:2      | Reached skill level 1 in Short Blades
   213 | D:2      | Reached XP level 3. HP: 15/29 MP: 3/3
   411 | D:2      | Reached ** piety under Trog
   412 | D:2      | Reached XP level 4. HP: 21/35 MP: 4/4
   800 | D:1      | Found a faded altar of an unknown god.
  1486 | D:3      | Reached XP level 5. HP: 38/41 MP: 5/5
  1793 | D:3      | Found a shadowy altar of Dithmenos.
  1793 | D:3      | Found an ornate altar of the Wu Jian Council.
  1793 | D:3      | Found an iron altar of Okawaru.
  1793 | D:3      | Found a bloodstained altar of Trog.
  1802 | D:3      | Found a snail-covered altar of Cheibriados.
  1802 | D:3      | Found a radiant altar of Vehumet.
  2058 | D:4      | Found a sacrificial altar of Ru.
  2099 | D:4      | Reached *** piety under Trog
  2208 | D:4      | Noticed an ogre
  2232 | D:4      | Killed an ogre
  2233 | D:4      | Reached skill level 5 in Axes
  2233 | D:4      | Reached XP level 6. HP: 48/48 MP: 6/6
  2319 | D:4      | Identified the +1 long sword of Moderation {flame, Int+3
                  | Stlth+}
  2816 | D:4      | Identified the +5 sling of Ekhlypa {flame, rF- Str+4 Dex+2}
  2944 | D:4      | Reached XP level 7. HP: 55/55 MP: 7/7
  3043 | D:5      | Entered Level 5 of the Dungeon
  3181 | D:5      | Reached skill level 5 in Fighting
  4103 | D:6      | Noticed Sigmund
  4107 | D:6      | Killed Sigmund
  4108 | D:6      | Reached XP level 8. HP: 63/63 MP: 8/8
  4398 | D:6      | Noticed Menkaure
  4412 | D:6      | Killed Menkaure
  4472 | D:6      | Noticed a vampire
  4477 | D:6      | Killed a vampire
  4793 | D:6      | Found a staircase to the Ecumenical Temple.
  4809 | Temple   | Entered the Ecumenical Temple
  5100 | D:6      | Noticed Blork the orc
  5113 | D:6      | Killed Blork the orc
  5114 | D:6      | Reached XP level 9. HP: 55/71 MP: 9/9
  5679 | D:7      | Reached skill level 9 in Axes
  6036 | D:7      | Gained mutation: Armour fits poorly on your strangely
                  | shaped body. [potion of mutation]
  6036 | D:7      | Gained mutation: You have a pair of small horns on your
                  | head. [potion of mutation]
  6036 | D:7      | Gained mutation: Your skin changes colour to match your
                  | surroundings (Stealth+). [potion of mutation]
  6038 | D:7      | HP: 1/71 [killer bee (4)]
  6045 | D:7      | HP: 4/106 [something (6)]
  6302 | D:7      | Reached skill level 5 in Armour
  7550 | D:8      | Reached XP level 10. HP: 74/80 MP: 10/10
  8495 | D:9      | Noticed an eight-headed hydra
  8656 | D:9      | Noticed a centaur warrior
  8787 | D:9      | Killed a centaur warrior
  8930 | D:9      | Noticed a two-headed ogre
  8936 | D:9      | Killed a two-headed ogre
  8937 | D:9      | Reached skill level 12 in Axes
  9278 | D:9      | Killed a seven-headed hydra
  9279 | D:9      | Reached skill level 9 in Fighting
 10116 | D:9      | Reached XP level 11. HP: 89/89 MP: 11/11
 10148 | D:9      | Found a staircase to the Lair.
 10752 | D:10     | Entered Level 10 of the Dungeon
 11137 | D:10     | Found Meymuh's Weapon Boutique.
 11520 | D:10     | Found Nuleru's Armour Emporium.
 11644 | D:10     | Found Genk's Assorted Antiques.
 11885 | D:10     | Found a runed translucent door.
 11968 | D:10     | Noticed a wolf spider
 11968 | D:10     | Noticed a seven-headed hydra
 11968 | D:10     | Noticed a green ugly thing
 12165 | D:10     | Killed a green ugly thing
 12340 | D:10     | Noticed a centaur warrior
 12428 | D:10     | Noticed a death knight
 12437 | D:10     | Noticed a cyclops
 12438 | D:10     | Killed a centaur warrior
 12438 | D:10     | Killed a death knight
 12468 | D:10     | Killed a cyclops
 12469 | D:10     | Reached skill level 5 in Long Blades
 12525 | D:10     | Noticed a seven-headed hydra
 12530 | D:10     | Killed a six-headed hydra
 12663 | D:10     | Found Igren's Magic Scroll Shop.
 12668 | D:10     | Killed a wolf spider
 12709 | D:10     | Bought 2 scrolls of blinking for 210 gold pieces
 12709 | D:10     | Bought a scroll of identify for 28 gold pieces
 12709 | D:10     | Bought a scroll of identify for 28 gold pieces
 12723 | D:10     | Noticed an arcanist
 12729 | D:10     | Killed an arcanist
 12730 | D:10     | Reached XP level 12. HP: 97/97 MP: 12/12
 12749 | D:10     | Killed a four-headed hydra
 13060 | D:10     | Reached skill level 9 in Long Blades
 13388 | D:10     | Noticed a two-headed ogre
 13398 | D:10     | Killed a two-headed ogre
 13456 | D:11     | Noticed Sonja
 13651 | D:11     | Killed Sonja
 13743 | D:11     | Found a frozen archway.
 13798 | D:11     | Noticed a two-headed ogre
 13816 | D:11     | Killed a two-headed ogre
 13865 | IceCv    | Entered an ice cave
 14562 | IceCv    | Reached skill level 12 in Long Blades
 14713 | IceCv    | Identified the ring "Ykapn" {Int+6 Dex+3}
 14974 | D:11     | Reached XP level 13. HP: 97/103 MP: 13/13
 15507 | Lair:1   | Entered Level 1 of the Lair of Beasts
 17163 | Lair:2   | Noticed Maggie
 17172 | Lair:2   | Killed Maggie
 17373 | Lair:2   | Found a staircase to the Swamp.
 18727 | Lair:3   | Reached **** piety under Trog
 18747 | Lair:3   | Reached skill level 5 in Short Blades
 19347 | Lair:3   | Found a staircase to the Snake Pit.
 19600 | Lair:4   | Reached XP level 14. HP: 78/111 MP: 14/14
 19635 | Lair:3   | Acquired a megasprocket Mk.55 {rElec rF+ Regen+ RegenMP+}
 20077 | Lair:4   | Reached skill level 5 in Dodging
 21011 | Lair:4   | Found a runed translucent door.
 21334 | Lair:5   | Entered Level 5 of the Lair of Beasts
 21689 | Lair:5   | Reached ***** piety under Trog
 21698 | Lair:5   | Reached skill level 12 in Fighting
 21707 | Lair:5   | Reached skill level 9 in Short Blades
 21932 | Lair:5   | Found a staircase to the Slime Pits.
 22357 | Lair:5   | Noticed a dire elephant
 22357 | Lair:5   | Noticed a dire elephant
 23002 | D:12     | Found a staircase to the Orcish Mines.
 23011 | D:12     | Reached XP level 15. HP: 120/120 MP: 15/15
 23949 | D:12     | Found a runed translucent door.
 24162 | Orc:1    | Entered Level 1 of the Orcish Mines
 24375 | Orc:1    | Found a runed translucent door.
 24479 | Orc:1    | Found a dark tunnel.
 24485 | Volcano  | Entered a volcano
 25224 | Orc:1    | Found a shimmering altar of Xom.
 25224 | Orc:1    | Noticed Qutsim's ghost (journeyman DrFE)
 25439 | Orc:2    | Entered Level 2 of the Orcish Mines
 25506 | Orc:2    | Found a staircase to the Elven Halls.
 25940 | Orc:2    | Noticed Erolcha
 25949 | Orc:2    | Killed Erolcha
 26596 | D:10     | Bought the +8 autumn katana {manifold assault} for 1565
                  | gold pieces
 26596 | D:10     | Found the +8 autumn katana {manifold assault}
 26837 | Orc:2    | Received a gift from Trog
 26851 | Orc:2    | Demolished by an orc knight

Illustrated notes

Levels and vault maps discovered:
D:1:      saegor_arrival_simple_a, layout_basic,
          dreamdust_ecumenical_altar_drowned_temple
D:2:      layout_loops_ring, kennysheep_generic_room_5
D:3:      layout_basic, minmay_overflow_temple_hex, hex_medium
D:4:      layout_gridville, nicolae_ru_awakened_eye
D:5:      layout_basic, minmay_hedge_maze, serial_bayou_crossing
D:6:      layout_loops_corners, minmay_temple_entry_sparse_star,
          minmay_diced_spiral, uniq_blork_the_orc, uniq_sigmund, uniq_menkaure
D:7:      layout_basic, serial_curves, eino_curves_03, eino_curves_04
D:8:      layout_loops_corners, nicolae_elevator_lobby_asterisk
D:9:      layout_grid_maze, david_lair_shrubbed, enter_bailey_3,
          minmay_diamond_spiral
D:10:     minmay_the_grid_triangle_9x9_rhombus_thin_mashed
          [minmay_the_grid_triangle_9x9_thin_v,
          minmay_the_grid_triangle_9x9_prize_center,
          minmay_the_grid_triangle_9x9_impossible_snake,
          minmay_the_grid_triangle_9x9_subtriangle], layout_loops_ring,
          serial_shops, nicolae_shop_scrapyard, nicolae_lakefront_shop, shop,
          shop, laboratory
D:11:     layout_long_grid, portal_ice_cave_entry_ice_simulacra, uniq_sonja
D:12:     mludivico_vault, layout_irregular_city, orc_0_dummy
Temple:   regret_index_temple_generic_petals
Lair:1:   layout_cave_pods
Lair:2:   layout_roguey, minmay_swamp_entry_swarm, grunt_megastairs_2,
          serial_bayou_shore_a, uniq_maggie
Lair:3:   layout_cave_pods, nicolae_snake_entry_warm_welcome,
          chequers_serial_rivers_room_a
Lair:4:   layout_small_grid, pdpol_lair_cabin_in_the_woods, grunt_megastairs_3
Lair:5:   due_jungle_book, layout_loops_ring, slime_entry_1
Orc:1:    layout_diamond_mine, enter_volcano_1, ebering_ghost_xom
Orc:2:    grunt_orc_tribal_feast, layout_caves, minmay_orc_keep, uniq_erolcha

Skill      XL: |  1  2  3  4  5  6  7  8  9 10 11 12 13 14 15 |
---------------+----------------------------------------------+-----
Armour         | 2 4 5 7 |  7.1
Dodging        | 2 4 5 7 |  7.1
Short Blades   | 1 2 5 9 11 | 11.4
Axes           | 4 5 6 7 8 10 12 13 | 13.9
Fighting       | 4 5 6 7 9 10 12 | 12.0
Long Blades    | 7 12 13 | 13.9

Action                     |  1- 3 |  4- 6 |  7- 9 | 10-12 | 13-15 || total
---------------------------+-------+-------+-------+-------+-------++-------
  Melee: Hand axe          |    73 |   139 |   185 |   170 |       ||   567
         Dagger            |    62 |   118 |       |       |       ||   180
         Short sword       |       |     8 |   136 |       |       ||   144
         Whip              |       |       |    72 |   232 |       ||   304
         Headbutt          |       |       |    17 |   101 |   309 ||   427
         Long sword        |       |       |       |    62 |       ||    62
         Scimitar          |       |       |       |   105 |   739 ||   844
         Rapier            |       |       |       |   104 |   900 ||  1004
         Demon blade       |       |       |       |       |   176 ||   176
         Katana            |       |       |       |       |    35 ||    35
  Throw: Dart              |       |     2 |     1 |     3 |     6 ||    12
         Throwing net      |       |     1 |       |     3 |       ||     4
         Javelin           |       |       |       |     1 |     2 ||     3
 Invoke: Berserk           |       |     5 |    11 |    32 |    22 ||    70
         Trog's Hand       |       |       |     2 |     4 |     7 ||    13
Ability: Invent Gizmo      |       |       |       |       |     1 ||     1
  Evoke: Wand              |       |       |       |     1 |     8 ||     9
         Lightning rod     |       |       |       |     8 |       ||     8
         Condenser vane    |       |       |       |     1 |     1 ||     2
    Use: Potion            |       |       |     5 |     2 |     1 ||     8
         Scroll            |       |       |       |    12 |     8 ||    20
   Stab: Sleeping          |       |       |     2 |       |       ||     2
         Invisible         |       |       |       |       |     1 ||     1
         Confused          |       |       |       |       |     1 ||     1
 Armour: Ring mail         |    32 |    90 |   142 |    88 |       ||   352
         Animal skin       |     1 |       |       |       |       ||     1
         Steam dragon scal |       |       |       |     9 |       ||     9
         Scale mail        |       |       |       |   260 |   531 ||   791
         Leather armour    |       |       |       |       |    28 ||    28
         Skin              |       |       |       |       |     8 ||     8
  Dodge: Dodged            |    43 |    92 |   114 |   134 |   340 ||   723

Table legend: (Time is in decaauts)
 A = Elapsed time spent in this place.
 B = Non-inter-level travel time spent in this place.
 C = Inter-level travel time spent in this place.
 D = Time resting spent in this place.
 E = Time spent auto-exploring this place.
 F = Levels seen in this place.
 G = Mean time per level.
                   A        B        C        D        E       F      G
               +--------+--------+--------+--------+--------+-----+--------+
         Total |  27072 |  25184 |   1888 |   7064 |  12195 |  22 | 1230.5 |
       Dungeon |  16881 |  15544 |   1337 |   4454 |   7490 |  12 | 1406.8 |
        Temple |      1 |      1 |      0 |      0 |      0 |   1 |    1.0 |
          Lair |   6864 |   6452 |    412 |   1086 |   4056 |   5 | 1372.8 |
  Orcish Mines |   1870 |   1732 |    138 |    558 |    628 |   2 |  935.0 |
      Ice Cave |    912 |    912 |      0 |    662 |     15 |   1 |  912.0 |
       Volcano |    542 |    542 |      0 |    303 |      5 |   1 |  542.0 |
               +--------+--------+--------+--------+--------+-----+--------+

Top non-repeatable levels by time:
     D:9: 2834 daAuts
    D:10: 2738 daAuts
     D:6: 2188 daAuts
  Lair:4: 1660 daAuts
  Lair:3: 1656 daAuts
  Lair:2: 1536 daAuts
    D:12: 1348 daAuts
   Orc:1: 1247 daAuts
    D:11: 1245 daAuts
     D:7: 1224 daAuts
     D:8: 1145 daAuts
  Lair:1: 1086 daAuts
     D:4: 1048 daAuts
     D:5: 1001 daAuts
  Lair:5: 926 daAuts
